 Dungeon Crawl Stone Soup version 0.22-a0-377-g846bec1a06 (webtiles) character file.

94 D1HalberdGnoll the Firebug (level 4, -3/37 HPs)
             Began as a Deep Elf Fire Elementalist on Apr 27, 2018.
             Slain by motoroller71's ghost (4 damage)
             ... on level 3 of the Dungeon.
             The game lasted 00:02:44 (1404 turns).

D1HalberdGnoll the Firebug (DEFE)                   Turns: 1404, Time: 00:02:45

Health: -3/37      AC: 22    Str:  5 (6)  XL:     4   Next: 38%
Magic:  0/11       EV:  2    Int: 17 (20) God:
Gold:   108        SH:  0    Dex: 12 (15) Spells: 6/10 levels left

rFire    . . .     SeeInvis .   e - +0 whip
rCold    . . .     Gourm    .   (no shield)
rNeg     + + +     Faith    .   (armour currently unavailable)
rPois    +         Spirit   .   (helmet currently unavailable)
rElec    .         Reflect  .   (cloak currently unavailable)
rCorr    .         Harm     .   (gloves currently unavailable)
MR       .....     NoTele   +   (boots currently unavailable)
Stlth    ++........             (no amulet)
HPRegen  0.12/turn              (no ring)
MPRegen  0.12/turn              (no ring)

@: tree-form, very slightly contaminated
A: no striking features
a: no special abilities


You were on level 3 of the Dungeon.
You were not hungry.
You were a tree.
You visited 1 branch of the dungeon, and saw 3 of its levels.

You collected 108 gold pieces.

Inventory:

Hand Weapons
 e - a +0 whip (weapon)
Armour
 a - a +0 robe (melded)
Scrolls
 d - a scroll of immolation {unknown}
 h - 2 scrolls of amnesia {unknown}
 i - a scroll of noise {unknown}
 j - a scroll of enchant weapon {unknown}
 k - 2 scrolls of remove curse {unknown}
 l - a scroll of identify {unknown}
Comestibles
 c - 4 rations
 n - a chunk of flesh


   Skills:
 + Level 1.0 Fighting
 + Level 3.1 Dodging
 - Level 2.4 Stealth
 + Level 3.8 Spellcasting
 + Level 2.0 Conjurations
 * Level 4.3 Fire Magic


You had 6 spell levels left.
You knew the following spells:

 Your Spells              Type           Power        Failure   Level  Hunger
a - Flame Tongue          Conj/Fire      ##...        4%          1    None
b - Conjure Flame         Conj/Fire      ##......     13%         3    ###....


Dungeon Overview and Level Annotations

Branches:
Dungeon (3/15)

Altars:

Annotations:
D:2 exclusion: downstairs
D:3 motoroller71's ghost, amateur GnGl


Message History

Motoroller71's ghost hits you but does no damage.
Motoroller71's ghost hits you.
* * * LOW HITPOINT WARNING * * *
Motoroller71's ghost hits you but does no damage.
Motoroller71's ghost hits you but does no damage.
Motoroller71's ghost hits you!
* * * LOW HITPOINT WARNING * * *
Casting: Flame Tongue (safe; 4% risk of failure)
Confirm with . or Enter, or press ? or * to list all spells.
Aiming: Flame Tongue (safe; 4% risk of failure)
Press: ? - help, Shift-Dir - straight line, f/p - motoroller71's ghost
Aim: motoroller71's ghost (severely damaged)
The flame tongue hits motoroller71's ghost.
Motoroller71's ghost is severely damaged.
Motoroller71's ghost hits you but does no damage.
Casting: Flame Tongue (safe; 4% risk of failure)
Confirm with . or Enter, or press ? or * to list all spells.
You don't have enough magic to cast that spell.
Motoroller71's ghost hits you.
You die...

#.#
#.##.#.##
###.###
#.##.#.###
#.....#
#........#
#.....#
#..#.#.#.#
#..<..#
#......#.#
#.....#
##.#..##.#
#.....#
#.##. #.#
#######
#.##.##W#
#.....♣.#
####.####
#


You could see motoroller71's ghost.

Vanquished Creatures
  A howler monkey (D:3)
  4 gnolls
  3 bats
  2 giant cockroaches
  3 goblins
  2 hobgoblins (D:2)
  A quokka (D:2)
  A frilled lizard (D:1)
  4 rats
21 creatures vanquished.

Notes
Turn   | Place    | Note
-------+----------+-------------------------------------------
     0 | D:1      | D1HalberdGnoll the Deep Elf Fire Elementalist began the quest for the Orb.
     0 | D:1      | Reached XP level 1. HP: 10/10 MP: 6/6
   471 | D:2      | Reached XP level 2. HP: 15/15 MP: 4/8
  1041 | D:3      | Noticed a howler monkey
  1047 | D:2      | Reached XP level 3. HP: 13/20 MP: 2/9
  1169 | D:3      | Reached skill level 4 in Fire Magic
  1169 | D:3      | Reached XP level 4. HP: 24/24 MP: 5/11
  1173 | D:3      | Reached skill level 1 in Fighting
  1293 | D:3      | Learned a level 3 spell: Conjure Flame
  1325 | D:3      | Noticed motoroller71's ghost (amateur GnGl)
  1402 | D:3      | HP: 1/37 [motoroller71's ghost (8)]
  1404 | D:3      | Slain by motoroller71's ghost

Vault maps used:
D:1:      lemuel_arrival_cross, hangedman_decor_diamond_cutter
D:2:      first_ration
D:3:      uniq_crazy_yiuf_cottage

Skill      XL: |  1  2  3  4 |
---------------+-------------+-----
Dodging        | 3 |  3.1
Fire Magic     | 4 |  4.3
Fighting       | 1 |  1.0
Conjurations   | 2 |  2.0
Stealth        | |  2.4
Spellcasting   | |  3.8

Action                   |  1- 3 |  4- 6 || total
-------------------------+-------+-------++-------
Melee: Whip              |     2 |     5 ||     7
 Cast: Flame Tongue      |    31 |    24 ||    55
       Conjure Flame     |       |     2 ||     2
  Use: Potion            |       |     4 ||     4
  Eat: Chunk             |       |     1 ||     1
Armor: Robe              |     5 |     1 ||     6
       Skin              |       |     9 ||     9
Dodge: Dodged            |    13 |     6 ||    19

Table legend:
 A = Spawn XP
 B = Non-spawn XP
 C = Spawn XP percentage of total XP
 D = Spawn monster count
 E = Non-spawn monster count
 F = Spawn count percentage of total count
 G = Total turns spent on level
                    A         B        C        D         E        F      G
               +---------+---------+-------+---------+---------+-------+---------
         Total |       0 |     135 |   0.0 |       0 |      21 |   0.0 |  1404
               +---------+---------+-------+---------+---------+-------+---------
           D:1 |       0 |       8 |   0.0 |       0 |       5 |   0.0 |   438
           D:2 |       0 |      41 |   0.0 |       0 |       9 |   0.0 |   710
           D:3 |       0 |      86 |   0.0 |       0 |       7 |   0.0 |   256
               +---------+---------+-------+---------+---------+-------+---------
